 Dungeon Crawl Stone Soup version 0.26-a0-682-g294304f6e8 (webtiles) character file.

Game seed: 8933709607005473274

3128 Decritt the Cleaver (level 9, -6/82 HPs)
             Began as a Hill Orc Fighter on Oct 20, 2020.
             Was a Believer of the Shining One.
             Killed from afar by a kobold (15 damage)
             ... with an exploding inner flame
             ... hexed by the player character
             ... on level 8 of the Dungeon.
             The game lasted 00:19:41 (6607 turns).

Decritt the Cleaver (Hill Orc Fighter)              Turns: 6607, Time: 00:19:42

Health: -6/82      AC: 15    Str: 21    XL:     9   Next: 92%
Magic:  13/13      EV:  8    Int: 10    God:    the Shining One [**....]
Gold:   360        SH: 10    Dex:  6    Spells: 8/8 levels left

rFire    + . .     SeeInvis +   b - +6 trident "Odaicsen" {vorpal, rElec Int+2 Dex-5}
rCold    . . .     Faith    .   c - +0 kite shield
rNeg     + + .     Spirit   .   w - +4 scale mail of Autumn {*Contam rN+ SInv}
rPois    .         Reflect  .   C - +1 hat
rElec    +         Harm     .   (no cloak)
rCorr    .         Rampage  .   v - +0 pair of gloves
MR       .....                  y - +0 pair of boots
Stlth    ..........             q - amulet of magic regeneration
HPRegen  0.23/turn              x - ring of protection from fire
MPRegen  0.38/turn              (no ring)

@: glowing
A: no striking features
a: Divine Shield, Renounce Religion


You were on level 8 of the Dungeon.
You worshipped the Shining One.
The Shining One was pleased with you.
You visited 2 branches of the dungeon, and saw 9 of its levels.

You collected 360 gold pieces.

Inventory:

Hand Weapons
 a - a +0 war axe
 b - the +6 trident "Odaicsen" (weapon) {vorpal, rElec Int+2 Dex-5}
   (You found it on level 4 of the Dungeon)

   It inflicts extra damage upon your enemies.
   It affects your intelligence (+2).
   It affects your dexterity (-5).
   It insulates you from electricity.
Missiles
 G - 2 javelins (quivered)
Armour
 c - a +0 kite shield (worn)
 v - a +0 pair of gloves (worn)
 w - the +4 scale mail of Autumn (worn) {*Contam rN+ SInv}
   (You found it on level 6 of the Dungeon)

   It protects you from negative energy.
   It lets you see invisible.
   It causes magical contamination when unequipped.
 y - a +0 pair of boots (worn)
 C - a +1 hat (worn)
 E - a +0 scale mail of poison resistance
Jewellery
 q - an amulet of magic regeneration (around neck)
 x - a ring of protection from fire (left hand)
Wands
 l - a wand of flame (9)
 p - a wand of acid (15)
 D - a wand of polymorph (6)
Scrolls
 f - 2 scrolls of immolation
 j - 2 scrolls of enchant armour {unknown}
 k - 2 scrolls of amnesia {unknown}
 m - 3 scrolls of remove curse
 o - a scroll of fear {unknown}
 t - 2 scrolls of blinking {unknown}
 A - a scroll of magic mapping {unknown}
 F - a scroll of fog {unknown}
Potions
 d - 2 potions of might
 e - a potion of ambrosia {unknown}
 i - a potion of resistance {unknown}
 n - a potion of magic {unknown}
 s - a potion of haste
 u - a potion of cancellation {unknown}
 z - 2 potions of brilliance
 B - a potion of mutation {unknown}


   Skills:
 * Level 8.6 Fighting
 * Level 9.1 Axes
 + Level 7.5 Armour
 + Level 7.4 Shields
 + Level 5.8 Invocations


You had 8 spell levels left.
You didn't know any spells.
Your spell library contained the following spells:

 Spells                   Type           Power        Failure   Level
 Corona                   Hex            #......      94%         1
 Magic Dart               Conj           #...         94%         1
 Sandblast                Erth           #.....       94%         1
 Blink                    Tloc           N/A          98%         2
 Call Imp                 Summ           #.......     98%         2
 Ensorcelled Hibernation  Hex/Ice        #.....       98%         2
 Passwall                 Tmut/Erth      #.......     98%         2
 Slow                     Hex            #.......     98%         2
 Confusing Touch          Hex            #.......     100%        3
 Conjure Flame            Conj/Fire      #.......     100%        3
 Dazzling Flash           Conj/Hex       #.....       100%        3
 Mephitic Cloud           Conj/Pois/Air  #.......     100%        3
 Stone Arrow              Conj/Erth      #.....       100%        3
 Tukima's Dance           Hex            #.......     100%        3
 Petrify                  Tmut/Erth      #.......     100%        4
 Lee's Rapid Deconstruct  Erth           #.........   100%        5


Dungeon Overview and Level Annotations

Branches:
Dungeon (7/15)             Temple (1/1) D:4

Altars:
Ashenzari
Dithmenos
Elyvilon
Fedhas
Kikubaaqudgha
Makhleb
Nemelex Xobeh
Okawaru
Ru
Sif Muna
Trog
Uskayaw
Vehumet
Xom
Yredelemnul
Zin
The Shining One

Shops:
D:5 :

Annotations:
D:5 3 runed translucent doors, ANON1729's ghost, novice OpCK
D:7 2 transporters, hemabe71's ghost, novice HuAr


Message History

You feel yourself slow down.
Found 16 arrows.
A kobold comes into view. It is wielding a +0 short sword.
The kobold shouts!
You hear an angry hiss.
You hear a shout!
A kobold comes into view. It is wielding a +0 mace.
The kobold shouts!
You hear a shout! x3; You hear a bark!
A kobold comes into view.
A hound comes into view.
The kobold shouts!
The hound barks!
You hear a shout!
An iguana comes into view.
A big kobold comes into view.
Okay, then.
Okay, then.
Really read the scroll of immolation?
As you read the scroll of immolation, it crumbles to dust.
The creatures around you are filled with an inner flame!
The kobold hits you but does no damage.
You puncture the kobold!
The kobold explodes!
The fiery explosion engulfs you! You resist.
You die...

.o######.#.#
o..........#
((##.......#
..##.......#
..##.o...#.#
..##.....# #
####...o.# .
#.....###########....
#.../.#(.o...@§KKl...
####..#.########hK...
#.##.# ... #....# .
######


You could see a big kobold (inner flame), an iguana (inner flame), a hound
(inner flame), an orc (inner flame) and 2 kobolds.

Vanquished Creatures
  Pikel (D:7)
  Maggie (D:8)
  Edmund (D:6)
  A sky beast (D:6)
  5 ice beasts
  2 orc warriors (D:6)
  A phantom (D:4)
  A centaur (D:5)
  A lemure (D:7)
  4 bullfrogs
  2 howler monkeys
  A bullfrog skeleton (D:5)
  3 hounds (D:6)
  A gnoll shaman (D:6)
  An orc priest (D:6)
  Ijyb (D:3)
  2 iguanas
  8 orc wizards
  10 worker ants
  A hound skeleton (D:5)
  A howler monkey zombie (D:5)
  16 gnolls
  10 adders
  2 white imps
  An ufetubus (D:6)
  An ooze (D:4)
  A worm (D:2)
  5 dart slugs
  5 leopard geckos
  11 orcs
  2 ball pythons
  7 giant cockroaches
  8 goblins
  6 hobgoblins
  6 jackals
  4 kobolds
  3 quokkas
  7 bats
  A jackal skeleton (D:4)
  6 rats
  A spectral orc (D:4)
152 creatures vanquished.

Vanquished Creatures (others)
  A plant (D:6)
1 creature vanquished.

Grand Total: 153 creatures vanquished

Notes
Turn   | Place    | Note
-------+----------+-------------------------------------------
     0 | D:1      | Decritt the Hill Orc Fighter began the quest for the Orb.
     0 | D:1      | Reached XP level 1. HP: 19/19 MP: 1/1
    59 | D:1      | Reached skill level 3 in Axes
   215 | D:1      | Reached XP level 2. HP: 27/27 MP: 2/2
  1011 | D:1      | Reached XP level 3. HP: 34/34 MP: 3/3
  1080 | D:2      | Reached skill level 4 in Axes
  1285 | D:2      | Noticed a +0 dagger
  1286 | D:2      | Found a hide-covered altar of Uskayaw.
  1286 | D:2      | Noticed a +0 dagger
  1367 | D:2      | Reached XP level 4. HP: 41/41 MP: 4/4
  1770 | D:3      | Reached skill level 5 in Fighting
  1838 | D:3      | Reached skill level 5 in Axes
  1838 | D:3      | Reached XP level 5. HP: 33/48 MP: 5/5
  1968 | D:3      | Noticed Ijyb
  2003 | D:3      | Killed Ijyb
  2878 | D:4      | Found a staircase to the Ecumenical Temple.
  2887 | Temple   | Entered the Ecumenical Temple
  3127 | Temple   | Became a worshipper of the Shining One
  3280 | D:4      | Noticed a phantom
  3289 | D:4      | Reached skill level 6 in Axes
  3289 | D:4      | Reached XP level 6. HP: 56/57 MP: 6/6
  3302 | D:4      | Reached skill level 1 in Invocations
  3617 | D:4      | Killed a phantom
  3769 | D:4      | Got a translucent trident
  3769 | D:4      | Identified the +6 trident "Odaicsen" {vorpal, rElec Int+2
                  | Dex-5} (You found it on level 4 of the Dungeon)
  4052 | D:4      | Found a radiant altar of Vehumet.
  4157 | D:4      | Found a basalt altar of Yredelemnul.
  4253 | D:5      | Entered Level 5 of the Dungeon
  4286 | D:5      | Reached XP level 7. HP: 60/64 MP: 8/8
  4627 | D:5      | Found Ududoong's Book Boutique.
  4778 | D:5      | Reached skill level 5 in Armour
  4792 | D:5      | Reached * piety under the Shining One
  4798 | D:5      | Reached skill level 5 in Shields
  4798 | D:5      | Reached XP level 8. HP: 71/71 MP: 10/10
  4852 | D:5      | Reached skill level 7 in Axes
  4943 | D:5      | Found a runed translucent gate.
  4943 | D:5      | Found a runed translucent gate.
  4943 | D:5      | Identified the +8 short sword "Noesolof" {drain, +Inv rPois
                  | MP+9 Str-3}
  4944 | D:5      | Found a runed translucent gate.
  4944 | D:5      | Noticed ANON1729's ghost (novice OpCK)
  5383 | D:6      | Found a glowing silver altar of Zin.
  5396 | D:6      | Reached XP level 9. HP: 74/79 MP: 12/12
  5427 | D:6      | Noticed Edmund
  5440 | D:6      | Killed Edmund
  5685 | D:6      | Found a shimmering blue altar of Sif Muna.
  5782 | D:6      | Reached skill level 8 in Axes
  5788 | D:6      | Got an ancient scale mail
  5798 | D:6      | Identified the +4 scale mail of Autumn {*Contam rN+ SInv}
                  | (You found it on level 6 of the Dungeon)
  5801 | D:6      | Found a blossoming altar of Fedhas.
  5930 | D:6      | Reached skill level 5 in Invocations
  6062 | D:7      | Found a transporter.
  6094 | D:7      | Reached ** piety under the Shining One
  6100 | D:7      | Found a transporter.
  6101 | D:7      | Noticed hemabe71's ghost (novice HuAr)
  6111 | D:7      | Noticed Pikel
  6124 | D:7      | Killed Pikel
  6470 | D:7      | You fall into a shaft and drop 1 floor!
  6524 | D:8      | Noticed Maggie
  6545 | D:8      | Killed Maggie
  6545 | D:8      | Reached skill level 9 in Axes
  6582 | D:8      | HP: 4/82 [orc priest/nerve-wracking pain (3)]
  6607 | D:8      | Killed from afar by a kobold

Illustrated notes

Levels and vault maps discovered:
D:1:      lemuel_arrival_funnel, layout_basic
D:2:      layout_rooms, dancing_weapons_uskayaw
D:3:      layout_basic, uniq_ijyb
D:4:      layout_basic, yredelemnul_forgotten_temple_becter,
          overflow_temple_1_default, minmay_temple_entry_crystal_x
D:5:      layout_loops_ring, gammafunk_ghost_nasty_kobolds, serial_shops,
          nicolae_shop_crystal
D:6:      kennysheep_orc_sif_temple, layout_basic,
          nicolae_overflow_crystal_walls, nicolae_overflow_hidden_temple,
          fedhas_altar_1, uniq_edmund
D:7:      layout_loops_cross, serial_shops, shop_fountains,
          gammafunk_ghost_mausoleum, uniq_harold, uniq_pikel
D:8:      layout_basic, uniq_maggie
Temple:   minmay_temple_forest_path

Skill      XL: |  1  2  3  4  5  6  7  8  9 |
---------------+----------------------------+-----
Axes           | 3 4 5 6 7 9 |  9.1
Fighting       | 4 5 6 7 8 |  8.6
Invocations    | 1 3 4 5 |  5.8
Armour         | 4 5 6 7 |  7.5
Shields        | 4 5 6 7 |  7.4

Action                   |  1- 3 |  4- 6 |  7- 9 || total
-------------------------+-------+-------+-------++-------
Melee: War axe           |    63 |   133 |       ||   196
       Trident           |       |    14 |   256 ||   270
Throw: Javelin           |       |       |     3 ||     3
  Use: Scroll            |       |     4 |     4 ||     8
       Potion            |       |     1 |     4 ||     5
Armor: Scale mail        |    14 |       |    30 ||    44
       Ring mail         |    14 |    55 |    54 ||   123
Dodge: Dodged            |    18 |    45 |    50 ||   113
Block: Kite shield       |    32 |    85 |    99 ||   216

Table legend: (Time is in decaauts)
 A = Elapsed time spent in this place.
 B = Non-inter-level travel time spent in this place.
 C = Inter-level travel time spent in this place.
 D = Time resting spent in this place.
 E = Time spent auto-exploring this place.
 F = Levels seen in this place.
 G = Mean time per level.
                   A        B        C        D        E       F      G
               +--------+--------+--------+--------+--------+-----+--------+
         Total |   6714 |   6550 |    164 |     61 |   5226 |   9 |  746.0 |
       Dungeon |   6367 |   6246 |    121 |     61 |   4942 |   8 |  795.9 |
        Temple |    347 |    304 |     43 |      0 |    284 |   1 |  347.0 |
               +--------+--------+--------+--------+--------+-----+--------+

Top non-repeatable levels by time:
     D:3: 1473 daAuts
     D:1: 1071 daAuts
     D:6: 1055 daAuts
     D:5: 769 daAuts
     D:4: 753 daAuts
     D:2: 674 daAuts
     D:7: 441 daAuts
  Temple: 347 daAuts
     D:8: 128 daAuts
